 Dungeon Crawl Stone Soup version 0.27-a0-811-ga052575696 (webtiles) character file.

Game seed: 16022667260105100243

271 Rakan12345 the Firebug (level 6, -9/47 HPs)
             Began as a Hill Orc Fire Elementalist on Mar 29, 2021.
             Was a Follower of Sif Muna.
             Blown up by Ijyb (27 damage)
             ... with a mindburst bolt
             ... on level 3 of the Dungeon.
             The game lasted 00:18:15 (4905 turns).

Rakan12345 the Firebug (Hill Orc Fire Elementalist) Turns: 4905, Time: 00:18:15

Health: -9/47      AC:  4    Str: 11    XL:     6   Next: 23%
Magic:  1/9        EV: 12    Int: 17    God:    Sif Muna [*.....]
Gold:   72         SH:  5    Dex: 11    Spells: 6/10 levels left

rFire    . . .     SeeInvis .   f - +0 falchion
rCold    . . .     Faith    .   (no shield)
rNeg     . . .     Spirit   .   p - +1 robe
rPois    .         Reflect  +   (no helmet)
rElec    .         Harm     .   (no cloak)
rCorr    .         Rampage  .   g - +0 pair of gloves
Will     .....                  (no boots)
Stlth    ++........             k - amulet of reflection
HPRegen  0.15/turn              (no ring)
MPRegen  0.11/turn              (no ring)

@: no status effects
A: no striking features
a: Renounce Religion, Channel Magic


You were on level 3 of the Dungeon.
You worshipped Sif Muna.
Sif Muna was aware of your devotion.
You visited 1 branch of the dungeon, and saw 3 of its levels.

You collected 72 gold pieces.

Inventory:

Hand Weapons
 b - a +0 whip
 f - a +0 falchion (weapon)
 j - a +0 short sword
 o - a +0 scythe
Armour
 a - a +0 robe
 g - a +0 pair of gloves (worn)
 p - a +1 robe (worn)
Jewellery
 k - an amulet of reflection (around neck)
Wands
 d - a wand of iceblast (8)
Scrolls
 q - a scroll of immolation {unknown}
Potions
 c - 2 potions of attraction {unknown}
 e - 2 potions of mutation {unknown}
 l - a potion of curing {unknown}
 m - a potion of resistance {unknown}
 n - a potion of ambrosia {unknown}


   Skills:
 + Level 1.5 Fighting
 + Level 1.7 Long Blades
 + Level 0.3 Maces & Flails
 + Level 2.2 Dodging
 + Level 2.3 Stealth
 + Level 0.6 Shields
 + Level 2.5 Spellcasting
 + Level 2.2 Conjurations
 + Level 4.4 Fire Magic


You had 6 spell levels left.
You knew the following spells:

 Your Spells              Type           Power      Damage    Failure   Level
a - Foxfire               Conj/Fire      52%        2x1d6     4%          1
b - Conjure Flame         Conj/Fire      13%        6-21      14%         3

Your spell library contained the following spells:

 Spells                   Type           Power      Damage    Failure   Level
 Inner Flame              Hex/Fire       9%         N/A       22%         3
 Sticky Flame             Conj/Fire      13%        2d4       41%         4
 Fireball                 Conj/Fire      6%         3d5       77%         5


Dungeon Overview and Level Annotations

Branches:
Dungeon (3/15)

Altars:
Sif Muna
Yredelemnul
The Shining One

Annotations:
D:3 Ijyb


Message History

Confirm with . or Enter, or press ? or * to list all spells.
You conjure some foxfire!
Your foxfire dissipates!
Casting: Foxfire (safe; 4% risk of failure)
Confirm with . or Enter, or press ? or * to list all spells.
You don't have enough magic to cast this spell.
You start resting.
A dart slug is nearby!
A dart slug is nearby!
A dart slug is nearby!
A dart slug is nearby!
Casting: Foxfire (safe; 4% risk of failure)
Confirm with . or Enter, or press ? or * to list all spells.
You conjure some foxfire!
Your foxfire dissipates!
A dart slug is nearby!
A dart slug is nearby!
A dart slug is nearby!
Casting: Foxfire (safe; 4% risk of failure)
Confirm with . or Enter, or press ? or * to list all spells.
You don't have enough magic to cast this spell.
Unknown command.
Unknown command.
The foxfire hits the dart slug.
The dart slug is heavily wounded.
You hit the dart slug.
You kill the dart slug!
Sif Muna accepts your kill.
Casting: Foxfire (safe; 4% risk of failure)
Confirm with . or Enter, or press ? or * to list all spells.
You conjure some foxfire!
Your foxfire dissipates!
The foxfire hits Ijyb.
Ijyb is lightly wounded.
Casting: Foxfire (safe; 4% risk of failure)
Confirm with . or Enter, or press ? or * to list all spells.
You don't have enough magic to cast this spell.
Ijyb zaps a wand.
Your mind is blasted!
Ouch! That really hurt!
You die...

.........###
..w........
..........#
..........#
..........#
..........#
..........########
...........@.....#
#######.########g#
#.# #.#
#.########.#####
#.....g§§......#
#.########.###.#
#.# #...# ..#. #.#
#.#.# #.#.###.#
###.#


You could see Ijyb.

Vanquished Creatures
  Sigmund (D:2)
  Jessica (D:2)
  4 adders (D:2)
  A worm (D:2)
  2 dart slugs
  6 ball pythons
  3 endoplasms (D:1)
  2 giant cockroaches (D:2)
  2 goblins
  7 hobgoblins
  3 kobolds
  2 quokkas
  4 bats
  2 frilled lizards
  A rat (D:2)
41 creatures vanquished.

Vanquished Creatures (others)
  91 foxfires
91 creatures vanquished.

Grand Total: 132 creatures vanquished

Notes
Turn   | Place    | Note
-------+----------+-------------------------------------------
     0 | D:1      | Rakan12345 the Hill Orc Fire Elementalist began the quest
                  | for the Orb.
     0 | D:1      | Reached XP level 1. HP: 14/14 MP: 3/3
   416 | D:1      | Reached XP level 2. HP: 18/20 MP: 2/4
  2039 | D:2      | Reached XP level 3. HP: 14/26 MP: 5/5
  2757 | D:2      | Found a faded altar of an unknown god.
  2801 | D:2      | Became a worshipper of Sif Muna the Loreminder
  2801 | D:2      | Reached * piety under Sif Muna
  2815 | D:2      | Noticed Sigmund
  2837 | D:2      | Killed Sigmund
  2838 | D:2      | Reached skill level 1 in Fighting
  2838 | D:2      | Reached skill level 1 in Long Blades
  2838 | D:2      | Reached skill level 4 in Fire Magic
  2838 | D:2      | Reached XP level 4. HP: 15/35 MP: 1/7
  2838 | D:2      | Reached XP level 5. HP: 17/40 MP: 1/8
  3116 | D:2      | Learned a level 3 spell: Conjure Flame
  3716 | D:2      | Found a glowing golden altar of the Shining One.
  3718 | D:2      | Noticed an angel
  3733 | D:2      | Found a basalt altar of Yredelemnul.
  3736 | D:2      | Noticed a profane servitor
  3906 | D:2      | Reached XP level 6. HP: 44/47 MP: 0/9
  4494 | D:2      | Noticed Jessica
  4499 | D:2      | Killed Jessica
  4825 | D:3      | Noticed Ijyb
  4905 | D:3      | Blown up by Ijyb

Illustrated notes

Levels and vault maps discovered:
D:1:      dpeg_arrival_oval, layout_basic, ebering_dispersal_statue_hall,
          kennysheep_pointless_box
D:2:      kennysheep_big_flooded_room, layout_basic,
          grunt_temple_overflow_holy_war, chequers_ecumenical_altar_island,
          uniq_sigmund, uniq_jessica
D:3:      layout_basic, serial_shops, shop, uniq_robin, uniq_ijyb

Skill      XL: |  1  2  3 |
---------------+----------+-----
Fighting       | 1 |  1.5
Long Blades    | 1 |  1.7
Dodging        | 2 |  2.2
Stealth        | 2 |  2.3
Spellcasting   | 2 |  2.5
Conjurations   | 2 |  2.2
Fire Magic     | 4 |  4.4
Maces & Flails | |  0.3
Shields        | |  0.6

Action                   |  1- 3 |  4- 6 || total
-------------------------+-------+-------++-------
Melee: Whip              |    15 |       ||    15
       Falchion          |    42 |    21 ||    63
 Cast: Foxfire           |    34 |    32 ||    66
       Conjure Flame     |       |     3 ||     3
  Use: Scroll            |       |     3 ||     3
Armor: Robe              |     7 |     7 ||    14
Dodge: Dodged            |    42 |    26 ||    68
Block: Other             |     9 |     7 ||    16
       Rpst.: Falchion   |    10 |     9 ||    19

Table legend: (Time is in decaauts)
 A = Elapsed time spent in this place.
 B = Non-inter-level travel time spent in this place.
 C = Inter-level travel time spent in this place.
 D = Time resting spent in this place.
 E = Time spent auto-exploring this place.
 F = Levels seen in this place.
 G = Mean time per level.
                   A        B        C        D        E       F      G
               +--------+--------+--------+--------+--------+-----+--------+
         Total |   4936 |   4916 |     20 |   2614 |   1341 |   3 | 1645.3 |
       Dungeon |   4936 |   4916 |     20 |   2614 |   1341 |   3 | 1645.3 |
               +--------+--------+--------+--------+--------+-----+--------+

Top non-repeatable levels by time:
     D:2: 2846 daAuts
     D:1: 2009 daAuts
     D:3: 80 daAuts
